 Dungeon Crawl Stone Soup version 0.28-a0-932-g843f935a50 (webtiles) character file.

Game seed: 1660791804313942437

571 ders the Digger (level 7, 0/36 HPs)
             Began as a Gargoyle Earth Elementalist on Nov 27, 2021.
             Slain by a killer bee (5 damage)
             ... on level 4 of the Dungeon.
             The game lasted 00:02:42 (2278 turns).

ders the Digger (Gargoyle Earth Elementalist)       Turns: 2278, Time: 00:02:43

Health: 0/36       AC:  8    Str: 11    XL:     7   Next: 34%
Magic:  8/13       EV: 11    Int: 18    God:
Gold:   36         SH:  0    Dex: 10    Spells: 10/14 levels left

rFire   . . .      SeeInvis .   r - +1 short sword (venom)
rCold   . . .      Faith    .   (no shield)
rNeg    + . .      Spirit   .   b - +0 robe
rPois   ∞          Reflect  .   s - +1 hat
rElec   +          Harm     .   (no cloak)
rCorr   .          Rampage  .   (no gloves)
Will    .....                   d - +0 pair of boots
Stlth   ++........              e - amulet of magic regeneration
HPRegen 0.12/turn               (no ring)
MPRegen 0.53/turn               (no ring)

@: hasted, very quick
A: sickness immunity, AC +4, negative energy resistance 1, electricity
resistance, torment resistance 1, petrification resistance
a: no special abilities


You were on level 4 of the Dungeon.
You visited 1 branch of the dungeon, and saw 4 of its levels.

You collected 133 gold pieces.
You spent 97 gold pieces at shops.

Inventory:

Hand Weapons
 r - a +1 short sword of venom (weapon)
Missiles
 c - 71 stones
Armour
 b - a +0 robe (worn)
 d - a +0 pair of boots (worn)
 s - a +1 hat (worn)
Jewellery
 e - an amulet of magic regeneration (around neck)
 k - an amulet of reflection
Wands
 i - a wand of flame (28)
 l - a wand of mindburst (16)
Scrolls
 a - 3 scrolls of blinking
 f - 4 scrolls of identify {unknown}
 h - 2 scrolls of immolation
 o - a scroll of vulnerability {unknown}
 p - a scroll of amnesia {unknown}
 q - a scroll of teleportation {unknown}
Potions
 g - a potion of haste
 j - a potion of berserk rage {unknown}
 m - 2 potions of flight {unknown}
 n - a potion of curing {unknown}
 t - a potion of attraction {unknown}


   Skills:
 - Level 1.5 Dodging
 - Level 2.1 Stealth
 + Level 4.4 Spellcasting
 + Level 4.5 Conjurations
 - Level 0.7 Transmutations
 + Level 6.4 Earth Magic


You had 10 spell levels left.
You knew the following spells:

 Your Spells              Type           Power      Damage    Failure   Level
a - Sandblast             Erth           54%        2d13      1%          1
b - Stone Arrow           Conj/Erth      46%        3d9       4%          3

Your spell library contained the following spells:

 Spells                   Type           Power      Damage    Failure   Level
 Passwall                 Tmut/Erth      13%        N/A       4%          2
 Petrify                  Tmut/Erth      16%        N/A       32%         4
 Animate Armour           Summ/Erth      30%        N/A       36%         4
 Iron Shot                Conj/Erth      11%        9d3       92%         6
 Blade Hands              Tmut           3%         N/A       96%         5


Dungeon Overview and Level Annotations

Branches:
Dungeon (4/15)
 Temple: D:4-7

Altars:
Wu Jian

Shops:
D:3 ?


Innate Abilities, Weirdness & Mutations

You are immune to sickness and miasma.
Your stone body is resilient. (AC +4)
You are immune to poison.
You resist negative energy. (rN+)
You are resistant to electric shocks. (rElec)
You are resistant to unholy torment.
You are immune to petrification.


Message History

The killer bee is heavily wounded.
The killer bee misses you. The killer bee stings you.
Unknown command.
Casting: Sandblast (safe; 1% risk of failure)
Confirm with . or Enter, or press ? or * to list all spells.
Aiming: Sandblast (safe; 1% risk of failure)
Press: ? - help, Shift-Dir - straight line, f/p - killer bee
Aim: a killer bee (heavily wounded, 61% to hit)
The blast of sand misses the killer bee.
The killer bee barely misses you. The killer bee stings you!
Unknown command.
Casting: Sandblast (safe; 1% risk of failure)
Confirm with . or Enter, or press ? or * to list all spells.
Aiming: Sandblast (safe; 1% risk of failure)
Press: ? - help, Shift-Dir - straight line, f/p - killer bee
Aim: a killer bee (heavily wounded, 61% to hit)
The blast of sand hits the killer bee!
You kill the killer bee!
The killer bee stings you but does no damage.
Unknown command.
Casting: Sandblast (safe; 1% risk of failure)
Confirm with . or Enter, or press ? or * to list all spells.
Aiming: Sandblast (safe; 1% risk of failure)
Press: ? - help, Shift-Dir - straight line, f - killer bee
Aim: a killer bee (61% to hit)
The blast of sand misses the killer bee.
The killer bee stings you.
* * * LOW HITPOINT WARNING * * *
The killer bee stings you but does no damage.
Unknown command.
The killer bee stings you but does no damage.
The killer bee stings you.
* * * LOW HITPOINT WARNING * * *
It was a potion of haste.
You feel yourself speed up. The killer bee stings you.
* * * LOW HITPOINT WARNING * * *
The killer bee stings you but does no damage.
Okay, then.
The killer bee stings you.
You die...

..... ...
... #.#.#
#†#.# #.#
#S#.# #.#
#y#.# #.#
#y#.# #.#
#@#.# #.#
#.#.# #.#
#.#.###.##
#........#
########.#
#.#########
#..........
###########


You could see 2 killer bees and an adder.

Vanquished Creatures
  Grinder (D:3)
  A necrophage (D:4)
  4 killer bees (D:4)
  Terence (D:2)
  A centaur skeleton (D:3)
  4 adders
  3 dart slugs
  A ball python (D:1)
  2 bats (D:1)
  6 endoplasms
  3 giant cockroaches
  4 goblins
  A hobgoblin (D:3)
  A quokka (D:1)
  3 frilled lizards
  5 kobolds
  2 rats
43 creatures vanquished.

Notes
Turn   | Place    | Note
-------+----------+-------------------------------------------
     0 | D:1      | ders the Gargoyle Earth Elementalist began the quest for
                  | the Orb.
     0 | D:1      | Reached XP level 1. HP: 10/10 MP: 3/3
   179 | D:1      | Reached XP level 2. HP: 15/15 MP: 3/5
   266 | D:1      | Reached skill level 1 in Conjurations
   453 | D:1      | Reached skill level 4 in Earth Magic
   592 | D:2      | Reached XP level 3. HP: 14/19 MP: 4/6
   716 | D:2      | Noticed Terence
   724 | D:2      | Killed Terence
  1146 | D:2      | Found an ornate altar of the Wu Jian Council.
  1245 | D:2      | Reached XP level 4. HP: 24/24 MP: 6/8
  1635 | D:3      | Found a faded altar of an unknown god.
  1666 | D:3      | Learned a level 3 spell: Stone Arrow
  1849 | D:3      | Found Vizupuj's Magic Scroll Emporium.
  1857 | D:3      | Bought a scroll of blinking for 97 gold pieces
  1902 | D:3      | Noticed Grinder
  1910 | D:3      | Killed Grinder
  1911 | D:3      | Reached skill level 5 in Earth Magic
  1911 | D:3      | Reached XP level 5. HP: 20/28 MP: 1/10
  1911 | D:3      | Reached XP level 6. HP: 23/32 MP: 1/11
  2051 | D:4      | Noticed a necrophage
  2055 | D:4      | Killed a necrophage
  2246 | D:4      | Reached skill level 6 in Earth Magic
  2246 | D:4      | Reached XP level 7. HP: 36/36 MP: 9/13
  2278 | D:4      | Slain by a killer bee

Illustrated notes

Levels and vault maps discovered:
D:1:      psy_arrival_whirlpool, layout_loops_ring, minmay_tromino_v4_a
D:2:      layout_loops_ring, serial_co_window_serial, co_window_paths_a,
          co_window_corner_a, co_window_of_opportunity_a, co_window_paths_a,
          co_window_paths_a, co_window_corner_a, co_window_corner_b,
          co_window_corner_b, co_window_unsneaky_path_b, co_window_4corner_a,
          glass_columns_c, basic_altar, uniq_terence
D:3:      layout_rooms, serial_shops, shop, hellmonk_ecumenical_altar_blasted,
          uniq_grinder
D:4:      layout_loops_ring, trog_antimagical, chequers_arboretum,
          kennysheep_pointless_box

Skill      XL: |  1  2  3  4  5  6 |
---------------+-------------------+-----
Conjurations   | 1 2 3 4 |  4.5
Earth Magic    | 4 5 6 |  6.4
Spellcasting   | 3 4 |  4.4
Dodging        | |  1.5
Stealth        | |  2.1
Transmutations | |  0.7

Action                   |  1- 3 |  4- 6 |  7- 9 || total
-------------------------+-------+-------+-------++-------
 Cast: Sandblast         |    28 |    23 |    14 ||    65
       Stone Arrow       |       |     8 |       ||     8
  Use: Potion            |       |       |     1 ||     1
Armor: Robe              |     3 |     2 |     8 ||    13
Dodge: Dodged            |     6 |     1 |    10 ||    17

Table legend: (Time is in decaauts)
 A = Elapsed time spent in this place.
 B = Non-inter-level travel time spent in this place.
 C = Inter-level travel time spent in this place.
 D = Time resting spent in this place.
 E = Time spent auto-exploring this place.
 F = Levels seen in this place.
 G = Mean time per level.
                   A        B        C        D        E       F      G
               +--------+--------+--------+--------+--------+-----+--------+
         Total |   2277 |   2222 |     55 |    198 |   1742 |   4 |  569.2 |
       Dungeon |   2277 |   2222 |     55 |    198 |   1742 |   4 |  569.2 |
               +--------+--------+--------+--------+--------+-----+--------+

Top non-repeatable levels by time:
     D:2: 1044 daAuts
     D:1: 585 daAuts
     D:3: 413 daAuts
     D:4: 234 daAuts
